 Dungeon Crawl Stone Soup version 0.17-a0-112-ge7edae9 (console) character file.

127 MrRokkomies the Slasher (level 4, -7/33 HPs)
             Began as a High Elf Gladiator on Mar 19, 2015.
             Was a Follower of Cheibriados.
             Killed by divine providence
             ... invoked by an orc priest
              (10 damage)
             ... on level 3 of the Dungeon.
             The game lasted 00:05:01 (1248 turns).

MrRokkomies the Slasher (High Elf Gladiator)        Turns: 1248, Time: 00:05:01

Health: -7/33      AC:  9    Str: 16    XL:     4   Next: 85%
Magic:  7/7        EV: 12    Int: 14    God:    Cheibriados [*.....]
Gold:   178        SH:  0    Dex: 18    Spells: 0 memorised, 3 levels left

rFire  . . .     SeeInvis .     a - +1 long sword
rCold  . . .     Clarity  .     t - +0 ring mail
rNeg   . . .     SustAb   .     (no shield)
rPois  +         Gourm    .     c - +1 helmet
rElec  .         Spirit   .     h - +1 cloak
rCorr  .         Warding  .     (no gloves)
rMut   .         Stasis   .     (no boots)
MR     .....                    (no amulet)
Stlth  +.........               (no ring)
                                n - ring of poison resistance

@: very slightly contaminated, hasted, drained, quick, not resistant to hostile
enchantments, very unstealthy
A: no striking features
a: Bend Time, Renounce Religion


You were on level 3 of the Dungeon.
You worshipped Cheibriados.
Cheibriados was aware of your devotion.
You were not hungry.

You visited 1 branch of the dungeon, and saw 3 of its levels.

You collected 178 gold pieces.

Inventory:

Hand weapons
 a - a +1 long sword (weapon)
Missiles
 d - 3 throwing nets (quivered)
 j - 15 stones
 l - 22 poisoned needles
 r - 36 arrows
Armour
 c - a +1 helmet (worn)
 h - a +1 cloak (worn)
 t - a +0 ring mail (worn)
Jewellery
 n - a ring of poison resistance (left hand)
Magical devices
 b - a wand of magic darts (30)
Scrolls
 m - a scroll of recharging
Potions
 e - a potion of haste
 i - a potion of cancellation
Comestibles
 f - 2 bread rations
 g - a slice of pizza
 k - 3 fruits
 p - a royal jelly
 s - 2 meat rations


   Skills:
 * Level 3.8(3.6) Fighting
 * Level 5.4(5.3) Long Blades
 - Level 2.1(2.0) Throwing
 - Level 3.2(3.1) Dodging


You had 3 spell levels left.
You didn't know any spells.

Dungeon Overview and Level Annotations

Branches:
Dungeon (3/15)

Altars:
Cheibriados
The Shining One


Message History

The orc priest hits you but does no damage.
You are very lightly contaminated with residual magic.
Drink which item? (? for menu, Esc to quit)
It was a potion of magic.
Magic courses through your body. The orc priest misses you.
The orc priest barely misses you.
Read which item? (? for menu, Esc to quit)
Okay, then.
Unknown command.
You hit the orc priest but do no damage.
The orc priest barely misses you.
You barely miss the orc priest.
The orc priest hits you but does no damage.
The orc priest misses you.
A gnoll comes into view.
You closely miss the orc priest.
The gnoll shouts!
The gnoll hits you but does no damage.
The orc priest calls down the wrath of Beogh upon you.
Something smites you!
You die...

### .... .....## ######
........######....#
#o@).)[..##.#
.......o###))..##.#
.....g. ##.#.##.#
(...... #.#....#####
....... ##.##.......#
.g....###..##..####.###
.........##..## #...#
...........########.#
...####.........#..


You could see 2 orc priests and 2 gnolls.

Vanquished Creatures
  An orc priest (D:3)
  4 adders (D:2)
  A worm (D:2)
  6 orcs (D:3)
  A ball python (D:2)
  5 bats
  2 giant cockroaches (D:1)
  6 goblins
  5 hobgoblins
  4 jackals (D:1)
  2 oozes (D:1)
  2 giant geckos (D:2)
  2 giant newts
  4 kobolds
  6 rats
51 creatures vanquished.

Notes
Turn   | Place    | Note
--------------------------------------------------------------
     0 | D:1      | MrRokkomies, the High Elf Gladiator, began the quest for the Orb.
     0 | D:1      | Reached XP level 1. HP: 14/14 MP: 2/2
    42 | D:1      | Reached XP level 2. HP: 12/20 MP: 3/3
   100 | D:1      | Reached skill level 4 in Long Blades
   575 | D:2      | Found a snail-covered altar of Cheibriados.
   583 | D:2      | Became a worshipper of Cheibriados the Contemplative
   615 | D:2      | Reached XP level 3. HP: 25/25 MP: 5/5
   780 | D:2      | Reached skill level 5 in Long Blades
   780 | D:2      | Reached XP level 4. HP: 29/31 MP: 7/7
   990 | D:2      | Found a glowing golden altar of the Shining One.
  1069 | D:2      | Acquired Cheibriados' first power
  1248 | D:3      | Killed from afar by an orc priest

Action                   |  1- 3 |  4- 6 || total
-------------------------+-------+-------++-------
Melee: Long sword        |    66 |    39 ||   105
  Use: Scroll            |     4 |     6 ||    10
       Potion            |       |     2 ||     2
 Stab: Sleeping          |     1 |       ||     1
  Eat: Chunk             |       |     1 ||     1
